[Event "Titled Tuesday Blitz October 25 Late 2022"]
[White "Lamaze, Simon"]
[Black "Zakaryan, David"]
[WhiteFideId "36069264"]
[BlackFideId "24101923"]
[WhiteElo "2272"]
[BlackElo "2409"]
[Result "1/2-1/2"]
[Round "07"]
[TimeControl "180+1"]
[Date "2022.10.26"]
[WhiteClock "0:00:14"]
[BlackClock "0:00:21"]

1. d4 Nf6 2. c4 e6 3. g3 c5 4. d5 exd5 5. cxd5 d6 6. Nc3 g6 7. Bg2 Bg7 8. Nf3 O-O 9. O-O Re8 10. Bf4 h6 11. Qc1 g5 12. Bd2 Bf5 13. h4 g4 14. Nh2 h5 15. Re1 Ne4 16. Nxe4 Bxe4 17. Nf1 Nd7 18. Bg5 Qb6 19. Bxe4 Rxe4 20. Rb1 Rae8 21. Ne3 Qa6 22. a3 Ne5 23. Qc2 Ng6 24. b4 c4 25. Nf5 b5 26. Nxg7 Kxg7 27. Qc3+ R4e5 28. Bf4 f6 29. Bxe5 Rxe5 30. e4 Re7 31. a4 Ne5 32. axb5 Qxb5 33. Re2 a5 34. Kg2 Rb7 35. Reb2 Nd3 36. Rc2 Ne5 37. Rcb2 Nd3 38. Ra2 axb4 39. Qd4 Ne5 40. Ra7 b3 41. Rba1 Kg6 42. Rxb7 Qxb7 43. Ra7 Qb8 44. Ra1 Nd3 45. Qxc4 b2 46. Rb1 Ne1+ 47. Kf1 Nf3 48. Qc3 Qb5+ 49. Kg2 Qe2 50. Rxb2 Qxe4 51. Qe3 Nxh4+ 52. Kf1 Qxe3 53. fxe3 Nf5 54. Kf2 Ne7 55. Rb5 Kf5 56. Rb7 Nxd5 57. Rh7 Kg6 58. Rd7 Nc3 59. Re7 Kf5 60. Rh7 Ne4+ 61. Kg2 Kg6 62. Re7 Kf5 63. Rd7 Ke6 64. Rh7 Nc3 65. Rxh5 Nd1 66. Rh4 Kf5 67. e4+ Kg5 68. Rh8 Nc3 69. Re8 d5 70. exd5 Nxd5 71. Kf2 Kf5 72. Ra8 Nc3 73. Ra5+ Ke4 74. Rc5 Nd5 75. Rc4+ Kf5 76. Ra4 Nc3 77. Rc4 Nd5 78. Rd4 Ne7 79. Ke3 Ng6 80. Rd5+ Ke6 81. Ra5 f5 82. Ra6+ Kf7 83. Kd4 f4 84. gxf4 Nxf4 85. Ke4 Ne6 86. Ke5 Ng5 87. Rf6+ Ke7 88. Rf4 Nf7+ 89. Kf5 g3 90. Kg4 Ne5+ 91. Kxg3 Ke6 92. Re4 Kd5 93. Ra4 Nd3 94. Kf3 Ne5+ 95. Ke3 Nc4+ 96. Kd3 Ne5+ 97. Kc3 Nc6 98. Rh4 Ne5 99. Rd4+ Kc5 100. Rd1 Nc6 101. Rh1 Ne5 102. Rd1 Nc6 103. Kd3 Kd5 104. Re1 Ne5+ 105. Kc3 Nc6 106. Re8 Ne5 107. Rd8+ Ke4 108. Rd4+ Kf5 109. Ra4 Ke6 110. Kd4 Nc6+ 111. Kc5 Ne5 112. Re4 Kf5 113. Kd5 Ng4 114. Re1 Nf6+ 115. Kd4 Nh5 116. Rf1+ Ke6 117. Rg1 Nf6 118. Rg5 Ne8 119. Re5+ Kd7 120. Kd5 Nc7+ 121. Kc5 Ne6+ 122. Kd5 Nc7+ 123. Kd4 Ne6+ 124. Kc4 Kd6 125. Rd5+ Kc6 126. Ra5 Nc7 127. Rh5 Ne6 128. Rd5 Nc7 129. Rd1 Ne8 130. Kd4 Nd6 131. Ke5 Nc4+ 132. Ke6 Kc5 133. Rd5+ Kb4 134. Rh5 Kc3 135. Kd5 Ne3+ 136. Ke4 Nc4 137. Rc5 Kb4 138. Kd4 Na3 139. Rc1 Nb5+ 140. Kd5 Nc3+ 141. Kd4 1/2-1/2


[Site "https://www.chess.com"]

[Event "Titled Tuesday Blitz October 25 Late 2022"]
[White "Leenhouts, Koen"]
[Black "Yuan, Qingyu"]
[WhiteFideId "1008439"]
[BlackFideId "8609772"]
[WhiteElo "2409"]
[BlackElo "2359"]
[Result "0-1"]
[Round "07"]
[TimeControl "180+1"]
[Date "2022.10.26"]
[WhiteClock "0:00:13"]
[BlackClock "0:00:16"]

1. d4 d5 2. c4 e6 3. Nf3 Nf6 4. g3 dxc4 5. Bg2 c5 6. O-O Nc6 7. Qa4 Bd7 8. Qxc4 b5 9. Qd3 c4 10. Qc2 Be7 11. e4 O-O 12. Qe2 Nb4 13. Nc3 Rc8 14. Ne5 Be8 15. Be3 Nd7 16. Nf3 Nb6 17. Rfd1 Nd3 18. Ne1 b4 19. Nb1 Bb5 20. Nxd3 cxd3 21. Qe1 Na4 22. Rd2 Rc2 23. Bf1 Qd7 24. Bxd3 Bxd3 25. Rxd3 Nxb2 26. Rd2 Rfc8 27. Rxc2 Rxc2 28. Nd2 Qc6 29. Qe2 Qxe4 30. Nxe4 Rxe2 31. Rc1 f5 32. Rc7 fxe4 33. Rxe7 a5 34. Rxe6 Nc4 35. d5 Rxa2 36. d6 Nxe3 37. fxe3 Rd2 38. Re8+ Kf7 39. Ra8 b3 40. d7 Rxd7 41. Rxa5 b2 42. Rf5+ Ke6 43. Rf1 Rc7 0-1


[Site "https://www.chess.com"]

[Event "Titled Tuesday Blitz October 25 Late 2022"]
[White "Leschinsky, Gary"]
[Black "Aggelis, Nikolaos"]
[WhiteFideId "30951321"]
[BlackFideId "4213220"]
[WhiteElo "1855"]
[BlackElo "2187"]
[Result "0-1"]
[Round "07"]
[TimeControl "180+1"]
[Date "2022.10.26"]
[WhiteClock "0:00:49"]
[BlackClock "0:00:09"]

1. d4 Nf6 2. c4 g6 3. Nc3 d5 4. cxd5 Nxd5 5. e4 Nxc3 6. bxc3 Bg7 7. Nf3 c5 8. Be2 Nc6 9. Be3 Bg4 10. d5 Bxf3 11. Bxf3 Bxc3+ 12. Bd2 Bxd2+ 13. Qxd2 Nd4 14. Bd1 O-O 15. O-O e6 16. dxe6 Nxe6 17. Qh6 Qg5 18. Qh3 Rad8 19. g3 Rd3 20. Qg2 c4 21. Be2 Rd4 22. a4 Qc5 23. Rac1 c3 24. Bd1 Rc8 25. Bb3 Qe5 26. Rfe1 Rb4 27. Bd5 Rb2 28. Qf3 Qd4 29. Red1 Rd2 30. Re1 Ng5 31. Qg2 Nh3+ 32. Kh1 Nxf2+ 33. Kg1 Nd3+ 0-1


[Site "https://www.chess.com"]

[Event "Titled Tuesday Blitz October 25 Late 2022"]
[White "Luxama, Jacques Muller"]
[Black "Camacho Campusano, David Daniel"]
[WhiteFideId "11900113"]
[BlackFideId "6408885"]
[WhiteElo "1931"]
[BlackElo "2181"]
[Result "1-0"]
[Round "07"]
[TimeControl "180+1"]
[Date "2022.10.26"]
[WhiteClock "0:00:57"]
[BlackClock "0:00:17"]

1. d4 Nf6 2. c4 c5 3. d5 b5 4. cxb5 a6 5. bxa6 g6 6. Nc3 Bg7 7. e4 O-O 8. a4 e6 9. Bc4 Nxa6 10. Nf3 Nb4 11. O-O Bb7 12. Bg5 exd5 13. Nxd5 Nbxd5 14. Bxd5 Qb6 15. Bxb7 Qxb7 16. e5 Ne4 17. Bf4 Qxb2 18. Qxd7 Rfd8 19. Qc6 Nc3 20. Bg3 Rac8 21. Qa6 Ne2+ 22. Kh1 c4 23. Rab1 Qa2 24. e6 fxe6 25. Qxe6+ Kh8 26. Ng5 Nxg3+ 27. fxg3 Rf8 28. Nf7+ Rxf7 29. Qxc8+ Bf8 30. Qb8 c3 31. Qe5+ Kg8 32. Qxc3 Rxf1+ 33. Rxf1 Qxa4 34. Qc8 Qb4 35. Qe6+ Kg7 36. Qf7+ Kh6 37. Qxf8+ Qxf8 38. Rxf8 1-0


[Site "https://www.chess.com"]

[Event "Titled Tuesday Blitz October 25 Late 2022"]
[White "Lymar, Vladislav"]
[Black "Winterberg, Lukas"]
[WhiteFideId "14162180"]
[BlackFideId "24622702"]
[WhiteElo "2094"]
[BlackElo "2349"]
[Result "0-1"]
[Round "07"]
[TimeControl "180+1"]
[Date "2022.10.26"]
[WhiteClock "0:00:02"]
[BlackClock "0:00:17"]

1. e4 c6 2. d4 d5 3. e5 c5 4. dxc5 e6 5. a3 Bxc5 6. Nf3 Nc6 7. Nbd2 Nge7 8. Bd3 Ng6 9. Bxg6 hxg6 10. b4 Bb6 11. Nb3 Bd7 12. Bf4 a5 13. b5 Ne7 14. a4 Nf5 15. Rc1 Rc8 16. c4 Rxc4 17. Rxc4 dxc4 18. Nbd4 Bc8 19. Be3 Nxe3 20. fxe3 g5 21. Qa1 g4 22. Nd2 Qh4+ 23. g3 Qg5 24. Nxc4 Bc7 25. Ne2 Qf5 26. Qc3 Qe4 27. O-O O-O 28. Rf4 Qb1+ 29. Rf1 Qg6 30. b6 Bd8 31. Nxa5 Bg5 32. Nf4 Qe4 33. Nc4 Bd7 34. Nd6 Qxa4 35. Ra1 Qc6 36. Qxc6 Bxc6 37. Ra7 Rb8 38. Kf2 Bd8 39. Nc4 Bb5 40. Nd6 Ba6 41. Ne2 Bxb6 42. Rxa6 bxa6 43. Nc3 Bc5 44. Nc4 Rb4 0-1


[Site "https://www.chess.com"]

[Event "Titled Tuesday Blitz October 25 Late 2022"]
[White "Machidon, Cristi"]
[Black "Svane, Rasmus"]
[WhiteFideId "13904590"]
[BlackFideId "4657101"]
[WhiteElo "2312"]
[BlackElo "2674"]
[Result "1-0"]
[Round "07"]
[TimeControl "180+1"]
[Date "2022.10.26"]
[WhiteClock "0:00:07"]
[BlackClock "0:01:06"]

1. d4 d5 2. c4 e6 3. Nf3 a6 4. cxd5 exd5 5. Nc3 Nf6 6. Bg5 Be6 7. g3 Nbd7 8. Bg2 Bd6 9. O-O O-O 10. Rc1 c6 11. Na4 Re8 12. a3 a5 13. Ne1 h6 14. Bxf6 Nxf6 15. Nc5 Bc8 16. Ned3 Qe7 17. e3 Bf5 18. Qb3 Reb8 19. Rfd1 h5 20. Qc3 h4 21. Qe1 h3 22. Bf3 g6 23. Qf1 Kg7 24. Re1 Ne4 25. Qe2 Re8 26. Bg4 Qg5 27. Bxf5 Qxf5 28. Nxb7 Bb8 29. Nbc5 Ng5 30. f4 Ne4 31. Nxe4 Qxe4 32. Rxc6 Ra7 33. Qf1 Rae7 34. Nf2 Qf3 35. Nxh3 Qh5 36. Rc3 Ba7 37. Rd3 Rb7 38. b3 Reb8 39. Rb1 Rc8 40. Nf2 Rbc7 41. Qd1 Qf5 42. Kg2 Rc2 43. Rd2 R2c3 44. Re2 Bb8 45. Rbb2 Bd6 46. Qb1 Qe6 47. b4 Rxa3 48. b5 Bb4 49. e4 dxe4 50. Qxe4 Qxe4+ 51. Nxe4 Rd3 52. b6 Rxd4 53. Kf3 Rb8 54. Rec2 Rxb6 55. Rc7 Re6 56. Ng5 Re7 57. Rxe7 Rd3+ 58. Re3 Rd1 59. Ree2 Rf1+ 60. Rf2 Rc1 61. Rbe2 Rc3+ 62. Re3 Bc5 63. Rxc3 Bxf2 64. Rc4 a4 65. Rxa4 Bd4 66. Ne4 Bf6 67. Nc3 Be7 68. Ne2 Bf6 69. Rc4 g5 70. g4 gxf4 71. Nxf4 Bg5 72. Nh5+ Kg6 73. Rc6+ f6 74. Ke4 Bh4 75. Nxf6 Bg5 76. Nh5+ Kf7 77. Kf5 Bf6 78. Rxf6+ Ke8 79. g5 Kd7 80. Ke5 Kd8 81. Kd6 Ke8 82. Rf5 Kd8 83. Rf8# 1-0


[Site "https://www.chess.com"]

[Event "Titled Tuesday Blitz October 25 Late 2022"]
[White "Maksimovic, Bojan"]
[Black "Bayo Milagro, Alvaro"]
[WhiteFideId "14408120"]
[BlackFideId "22275240"]
[WhiteElo "2447"]
[BlackElo "2270"]
[Result "1-0"]
[Round "07"]
[TimeControl "180+1"]
[Date "2022.10.26"]
[WhiteClock "0:01:50"]
[BlackClock "0:01:38"]

1. e4 e5 2. Nf3 Nc6 3. Bb5 a6 4. Ba4 Nf6 5. O-O Bc5 6. c3 b5 7. Bb3 d6 8. d4 Bb6 9. Be3 O-O 10. Nbd2 h6 11. h3 Re8 12. Re1 Bb7 13. d5 Ne7 14. Bxb6 cxb6 15. Bc2 Ng6 16. Bd3 Bc8 17. Bf1 Bd7 18. Rc1 Nf4 19. Kh2 Qc8 20. Ng1 g5 21. g3 Ng6 22. Be2 Kg7 23. Bh5 Nxh5 24. Qxh5 g4 25. Nf1 Rf8 26. Ne3 f5 27. exf5 Bxf5 28. hxg4 Be4 29. f3 1-0


[Site "https://www.chess.com"]

[Event "Titled Tuesday Blitz October 25 Late 2022"]
[White "Manukian, Artak"]
[Black "Stanisz, Patryk"]
[WhiteFideId "13301373"]
[BlackFideId "1123106"]
[WhiteElo "2497"]
[BlackElo "2069"]
[Result "1-0"]
[Round "07"]
[TimeControl "180+1"]
[Date "2022.10.26"]
[WhiteClock "0:00:34"]
[BlackClock "0:00:03"]

1. e4 c5 2. Nf3 Nc6 3. c3 Nf6 4. e5 Nd5 5. d4 cxd4 6. cxd4 d6 7. Nc3 Nxc3 8. bxc3 d5 9. Bd3 Bg4 10. h3 Bxf3 11. Qxf3 e6 12. Rb1 Rb8 13. O-O Be7 14. Qh5 g6 15. Qh6 Bf8 16. Qf4 Be7 17. Qh6 Bf8 18. Qd2 Be7 19. f4 O-O 20. g4 Kh8 21. f5 gxf5 22. gxf5 Rg8+ 23. Kh2 Bg5 24. Qc2 Bxc1 25. Qxc1 Qh4 26. Qe3 Rg7 27. f6 Rg5 28. Rg1 Rxg1 29. Rxg1 Rg8 30. Rxg8+ Kxg8 31. Qg1+ Kf8 32. Qg7+ Ke8 33. Qg8+ Kd7 34. Qxf7+ Kd8 35. Qg8+ Kc7 36. Qxh7+ Qxh7 37. Bxh7 Kd8 38. Bg6 b5 39. h4 b4 40. cxb4 Nxd4 41. Kg3 Ne2+ 42. Kg4 d4 43. h5 1-0


[Site "https://www.chess.com"]

[Event "Titled Tuesday Blitz October 25 Late 2022"]
[White "Marcolino, Daniel Mattos"]
[Black "Liu, Kelsey"]
[WhiteFideId "2106841"]
[BlackFideId "30944481"]
[WhiteElo "2101"]
[BlackElo "2322"]
[Result "0-1"]
[Round "07"]
[TimeControl "180+1"]
[Date "2022.10.26"]
[WhiteClock "0:00:34"]
[BlackClock "0:00:10"]

1. d4 Nf6 2. Nf3 e6 3. g3 Be7 4. Bg2 O-O 5. O-O d5 6. c4 c6 7. Qc2 Nbd7 8. Nbd2 b6 9. e4 Ba6 10. e5 Ne8 11. Rd1 f6 12. cxd5 cxd5 13. Qa4 Nc7 14. Nf1 fxe5 15. Nxe5 Nxe5 16. dxe5 Bc5 17. Be3 Bxf1 18. Rxf1 Bxe3 19. fxe3 Qe7 20. e4 Rac8 21. Rac1 Rxf1+ 22. Bxf1 a5 23. Qc6 Qg5 24. Qxb6 Qxc1 25. Qb7 Ne8 26. Qe7 Qe3+ 0-1


[Site "https://www.chess.com"]

[Event "Titled Tuesday Blitz October 25 Late 2022"]
[White "Martinez Alcantara, Jose Eduardo"]
[Black "Kollars, Dmitrij"]
[WhiteFideId "3805662"]
[BlackFideId "12909572"]
[WhiteElo "2703"]
[BlackElo "2584"]
[Result "1-0"]
[Round "07"]
[TimeControl "180+1"]
[Date "2022.10.26"]
[WhiteClock "0:00:36"]
[BlackClock "0:00:02"]

1. e4 e5 2. Nf3 Nc6 3. Bb5 a6 4. Ba4 Nf6 5. O-O Be7 6. Re1 b5 7. Bb3 d6 8. c3 O-O 9. h3 Bb7 10. d4 Re8 11. Ng5 Rf8 12. Nf3 Re8 13. Nbd2 h6 14. Nf1 Bf8 15. Ng3 exd4 16. cxd4 Na5 17. Bc2 c5 18. d5 g6 19. b3 Bg7 20. Rb1 Bc8 21. Bf4 c4 22. b4 Nb7 23. a4 Nd7 24. Nd4 Qb6 25. Be3 Qd8 26. axb5 axb5 27. Nxb5 Ne5 28. Nd4 Bd7 29. f4 Qh4 30. Nge2 Nd3 31. Bxd3 cxd3 32. Qxd3 Ra2 33. Nf3 Qe7 34. Bd4 Qxe4 35. Qxe4 Rxe4 36. Bxg7 Kxg7 37. Nc3 Rxe1+ 38. Rxe1 Rc2 39. Re7 Bf5 40. Nb5 Bc8 41. Nfd4 Kf8 42. Rxf7+ Kxf7 43. Nxc2 Bf5 44. Ncd4 Be4 45. Nc3 Bd3 46. Kf2 Kf6 47. g4 g5 48. Kg3 Bf1 49. Ne4+ Kg6 50. f5+ Kf7 51. h4 gxh4+ 52. Kxh4 Bg2 53. Nc3 Kf6 54. Kg3 Bf1 55. Kf4 Bc4 56. Ne6 Ke7 57. g5 hxg5+ 58. Kxg5 Kf7 59. Nf4 Nd8 60. Ne4 Ke7 61. Kg6 Bb3 62. Kg7 Bc2 63. f6+ Kd7 64. Ng5 1-0


[Site "https://www.chess.com"]

[Event "Titled Tuesday Blitz October 25 Late 2022"]
[White "Matinian, Nikita"]
[Black "Ashiku, Franc"]
[WhiteFideId "24129100"]
[BlackFideId "4700066"]
[WhiteElo "2422"]
[BlackElo "2306"]
[Result "1-0"]
[Round "07"]
[TimeControl "180+1"]
[Date "2022.10.26"]
[WhiteClock "0:02:04"]
[BlackClock "0:00:01"]

1. e4 c5 2. Nf3 Nc6 3. Bb5 d6 4. O-O Nf6 5. e5 dxe5 6. Nxe5 Bd7 7. Bxc6 Bxc6 8. Re1 Qc7 9. b3 g6 10. Bb2 Bg7 11. Na3 Bd5 12. Nb5 Qb6 13. c4 Be6 14. d4 O-O 15. dxc5 Qxc5 16. Ba3 Qb6 17. Bxe7 Rfe8 18. Qd6 Qa5 19. Nc7 Bf5 20. Bxf6 Bf8 21. Nxe8 Bxd6 22. Nxd6 1-0


[Site "https://www.chess.com"]

[Event "Titled Tuesday Blitz October 25 Late 2022"]
[White "Melikhov, Evgeny V."]
[Black "Toncheva, Nadya"]
[WhiteFideId "4122046"]
[BlackFideId "2924056"]
[WhiteElo "2169"]
[BlackElo "2101"]
[Result "1-0"]
[Round "07"]
[TimeControl "180+1"]
[Date "2022.10.26"]
[WhiteClock "0:00:08"]
[BlackClock "0:00:02"]

1. d4 d5 2. c4 dxc4 3. Nf3 Nf6 4. e3 Bg4 5. Bxc4 e6 6. h3 Bh5 7. Nc3 a6 8. g4 Bg6 9. Bf1 Nbd7 10. Bg2 Bd6 11. Nh4 c6 12. Nxg6 hxg6 13. Bd2 Qe7 14. f4 Nd5 15. Qb3 b5 16. O-O-O N7b6 17. Nxd5 cxd5 18. Kb1 Nc4 19. Bc1 O-O 20. h4 a5 21. h5 a4 22. Qd3 g5 23. f5 b4 24. h6 Qf6 25. hxg7 Qxg7 26. Rh5 Bg3 27. Rdh1 Bh4 28. R1xh4 gxh4 29. g5 exf5 30. Bxd5 Nd6 31. Bxa8 Rxa8 32. Qf1 Qg6 33. Rxh4 Qxg5 34. Qh3 Qg7 35. Qh2 Ra6 36. Rh3 Kf8 37. Rg3 Qf6 38. Bd2 Ne4 39. Rg2 b3 40. a3 Ke7 41. Qc7+ Ke8 42. Bb4 Ng5 43. Qc8+ Qd8 44. Qxa6 Qd7 45. Qa8+ Qd8 46. Qxd8+ Kxd8 1-0


[Site "https://www.chess.com"]

[Event "Titled Tuesday Blitz October 25 Late 2022"]
[White "Melikyan, Gnel"]
[Black "Cortes Orihuela, Javier"]
[WhiteFideId "54109990"]
[BlackFideId "3414329"]
[WhiteElo "2138"]
[BlackElo "2080"]
[Result "1-0"]
[Round "07"]
[TimeControl "180+1"]
[Date "2022.10.26"]
[WhiteClock "0:01:07"]
[BlackClock "0:00:01"]

1. h3 d5 2. Nf3 c5 3. b3 f6 4. Bb2 e5 5. e3 Nc6 6. Be2 Bd6 7. d3 Nge7 8. Nbd2 Be6 9. c4 d4 10. exd4 cxd4 11. a3 a5 12. Qc2 b6 13. Ne4 f5 14. Nxd6+ Qxd6 15. Ng5 Bg8 16. g4 h6 17. Nf3 fxg4 18. hxg4 Ng6 19. Nd2 Nf4 20. Bf3 Bh7 21. Ne4 Bxe4 22. Bxe4 Rc8 23. Bc1 Rf8 24. f3 Nd8 25. b4 axb4 26. axb4 Qxb4+ 27. Bd2 Qd6 28. Qa4+ Kf7 29. Bb4 Rc5 30. Qa7+ Kg8 31. Kd2 Nde6 32. Qb7 Qd8 33. Ra7 Rc7 34. Qxb6 Rxa7 35. Qxa7 Rf7 36. Qa6 Ng5 37. Bc6 Qf6 38. Ra1 Nfe6 39. Qa8+ Kh7 40. Be4+ 1-0


[Site "https://www.chess.com"]

[Event "Titled Tuesday Blitz October 25 Late 2022"]
[White "Mendez Fortes, Eduardo Jesus"]
[Black "Gunduz, Umut Erdem"]
[WhiteFideId "3502376"]
[BlackFideId "6381383"]
[WhiteElo "2307"]
[BlackElo "2182"]
[Result "1-0"]
[Round "07"]
[TimeControl "180+1"]
[Date "2022.10.26"]
[WhiteClock "0:01:18"]
[BlackClock "0:00:03"]

1. e4 e5 2. Nf3 Nc6 3. Bb5 a6 4. Ba4 Nf6 5. O-O Be7 6. Re1 b5 7. Bb3 O-O 8. c3 d5 9. exd5 Nxd5 10. Nxe5 Nxe5 11. Rxe5 c6 12. d4 Bd6 13. Re1 Qh4 14. g3 Qh3 15. Re4 g5 16. Qe2 f5 17. Re5 Bxe5 18. Qxe5 f4 19. Qxg5+ Kh8 20. Bxd5 cxd5 21. Bxf4 Rxf4 22. Qxf4 Bf5 23. Qe5+ Kg8 24. Nd2 Rd8 25. Re1 Qg4 26. Qe7 Rc8 27. Nf1 Be4 28. Nd2 Bg6 29. Qe2 Qh3 30. Qe6+ Qxe6 31. Rxe6 b4 32. Re3 a5 33. Nb3 a4 34. Nc5 a3 35. bxa3 bxa3 36. Re7 Ra8 37. Rb7 Bh5 38. f4 Be2 39. Nb3 Bc4 40. Kf2 Re8 41. Nc1 h5 42. Ra7 Rb8 43. Rxa3 Rb1 44. Ra8+ Kf7 45. Nb3 Rb2+ 46. Kf3 Rxh2 47. Nc5 Be2+ 48. Ke3 Bc4 49. a4 Rg2 50. Kf3 Rc2 51. a5 Rxc3+ 52. Kf2 Rc2+ 53. Ke1 Rc3 54. a6 Rxg3 55. Rh8 Kg7 56. a7 Kxh8 57. a8=Q+ Kh7 58. Qb7+ Rg7 59. Qc6 h4 60. Qf6 Rg1+ 61. Kd2 Rg2+ 62. Kc3 Rg3+ 63. Kc2 Rg2+ 64. Kc3 Rg3+ 65. Kb4 Rg1 66. Ne6 Rb1+ 67. Kc5 Rb5+ 68. Kc6 1-0


[Site "https://www.chess.com"]

[Event "Titled Tuesday Blitz October 25 Late 2022"]
[White "Mickiewicz, Piotr"]
[Black "Weisz, Bryan"]
[WhiteFideId "1114891"]
[BlackFideId "30934133"]
[WhiteElo "2246"]
[BlackElo "2262"]
[Result "0-1"]
[Round "07"]
[TimeControl "180+1"]
[Date "2022.10.26"]
[WhiteClock "0:00:23"]
[BlackClock "0:00:57"]

1. e4 e5 2. Nf3 Nc6 3. Bc4 Nf6 4. d3 h6 5. Bb3 g5 6. c3 Bg7 7. h3 d5 8. Nbd2 Be6 9. O-O Qd7 10. Ba4 Qd6 11. exd5 Bxd5 12. Nxe5 O-O-O 13. Ndc4 Bxc4 14. Nxc4 Qxd3 15. Qxd3 Rxd3 16. Bxc6 bxc6 17. Ne5 Rd5 18. Nxc6 Re8 19. Be3 Kb7 20. Nb4 Rf5 21. Rad1 g4 22. h4 g3 23. Nd3 Ng4 24. Bd4 Bxd4 25. cxd4 gxf2+ 26. Nxf2 Ne3 27. Rde1 Re6 28. g4 Rf3 29. d5 Re5 30. Nd3 Rg3+ 31. Kh2 Nxf1+ 32. Rxf1 Rxd3 33. Rxf7 Rdxd5 34. Kg3 Rd2 35. Rh7 Re6 36. Kf4 Rxb2 37. Kf5 Reb6 38. a4 Ra2 39. g5 hxg5 40. hxg5 Rxa4 41. g6 Ra5+ 42. Kf4 Rxg6 0-1


[Site "https://www.chess.com"]

[Event "Titled Tuesday Blitz October 25 Late 2022"]
[White "Mikhalsky, Vladimir"]
[Black "Gireman, Ja"]
[WhiteFideId "14144352"]
[BlackFideId "5043794"]
[WhiteElo "2271"]
[BlackElo "2153"]
[Result "0-1"]
[Round "07"]
[TimeControl "180+1"]
[Date "2022.10.26"]
[WhiteClock "0:00:01"]
[BlackClock "0:00:05"]

1. e4 e6 2. d4 d5 3. e5 c5 4. Qg4 Nc6 5. Nf3 cxd4 6. Bd3 f5 7. Qg3 Nge7 8. O-O Ng6 9. h4 Qc7 10. Re1 Bd7 11. h5 Nge7 12. a3 g6 13. h6 O-O-O 14. Bg5 Re8 15. Nbd2 Rg8 16. b4 Nd8 17. Nxd4 Nf7 18. Bb5 Bxh6 19. Bxh6 Nxh6 20. Bxd7+ Qxd7 21. N2b3 b6 22. Rac1 Kb8 23. b5 Rc8 24. Qh4 Nf7 25. Qxh7 Ng5 26. Qh4 Ne4 27. f3 Nc3 28. Qf6 Rh8 29. Qxe6 Qxe6 30. Nxe6 Nxb5 31. a4 Nc3 32. a5 b5 33. a6 Rc4 34. Nbd4 Nc6 35. Nxc6+ Rxc6 36. Nd4 Rxa6 37. Re3 Rc8 38. e6 b4 39. e7 Re8 40. Rce1 Kc8 41. Nb3 Rc6 42. Ra1 Rc7 43. Ra6 Rcxe7 44. Rxe7 Rxe7 45. Rxg6 Re1+ 46. Kh2 Ne2 47. Rc6+ Kd7 48. Ra6 f4 49. Rxa7+ Kd6 50. Rf7 d4 51. Nd2 Ke5 52. Nc4+ Kd5 53. Nd2 Rd1 54. Ne4 d3 55. cxd3 b3 56. Rd7+ Ke5 57. Rb7 Rb1 58. Nc5 Ng3 59. Kh3 Kf5 60. Rf7+ Kg5 61. Ne6+ Kg6 62. Rxf4 b2 63. Rg4+ Kf6 64. Rb4 Rh1+ 65. Kxg3 b1=Q 66. Rxb1 Rxb1 67. Nf4 Rb5 68. Nh3 Ke5 69. d4+ Kxd4 70. Nf2 Ke3 71. Ng4+ Ke2 72. Nf6 Rg5+ 73. Ng4 Kf1 74. Kf4 Rg8 75. g3 Kg2 76. Ne3+ Kf2 77. g4 Ra8 78. Nf5 Ra4+ 79. Ke5 Kxf3 80. g5 Kg4 81. g6 Ra5+ 82. Ke6 Ra6+ 83. Kf7 Kxf5 84. g7 Ra7+ 85. Kf8 Kf6 86. g8=N+ Ke6 87. Nh6 Rh7 88. Ng8 Rf7+ 89. Ke8 Rf4 90. Nh6 Kf6 91. Ng8+ Ke6 92. Nh6 Rf3 93. Ng8 Rg3 0-1


[Site "https://www.chess.com"]

[Event "Titled Tuesday Blitz October 25 Late 2022"]
[White "Moreno Perez, Tobias Sebastian"]
[Black "Amburgy, Ryan"]
[WhiteFideId "186716"]
[BlackFideId "30924820"]
[WhiteElo "2492"]
[BlackElo "2121"]
[Result "1-0"]
[Round "07"]
[TimeControl "180+1"]
[Date "2022.10.26"]
[WhiteClock "0:00:18"]
[BlackClock "0:00:15"]

1. d4 Nf6 2. Nf3 e6 3. g3 d5 4. Bg2 b5 5. O-O Be7 6. a4 c6 7. Qd3 a6 8. Nbd2 Bb7 9. e4 h6 10. c3 O-O 11. Re1 c5 12. e5 Nfd7 13. axb5 c4 14. Qe2 axb5 15. Rxa8 Bxa8 16. h4 Re8 17. Nh2 Nf8 18. Ndf1 Ng6 19. h5 Nf8 20. Ng4 Nbd7 21. Nxh6+ gxh6 22. Qg4+ Kh7 23. Qf4 Bg5 24. Qxf7+ Kh8 25. Bxg5 hxg5 26. Ra1 Re7 27. Rxa8 Qxa8 28. Qxe7 Nh7 29. Qxd7 b4 30. h6 Qf8 31. Qg7+ Qxg7 32. hxg7+ Kxg7 33. cxb4 Nf8 34. Ne3 Nd7 35. f4 gxf4 36. gxf4 Nb8 37. Bh3 Kf7 38. f5 exf5 39. Bxf5 Nc6 40. Nc2 Ke7 41. Kf2 Nd8 42. Ke3 Nf7 43. b5 Kd8 44. Nb4 Kc7 45. Nxd5+ Kb8 46. b6 c3 47. bxc3 Nd8 48. Bd7 Nc6 49. Bxc6 1-0


[Site "https://www.chess.com"]

[Event "Titled Tuesday Blitz October 25 Late 2022"]
[White "Muhammad, Shahzeb"]
[Black "Nozdrachev, Leonid"]
[WhiteFideId "7804806"]
[BlackFideId "24113433"]
[WhiteElo "2419"]
[BlackElo "2249"]
[Result "0-1"]
[Round "07"]
[TimeControl "180+1"]
[Date "2022.10.26"]
[WhiteClock "0:00:17"]
[BlackClock "0:01:12"]

1. e4 c6 2. d4 d5 3. exd5 cxd5 4. c4 Nc6 5. Nc3 Nf6 6. Nf3 Bg4 7. c5 Bxf3 8. gxf3 e5 9. Bb5 exd4 10. Qxd4 Be7 11. Rg1 O-O 12. Bxc6 bxc6 13. Bh6 g6 14. Bxf8 Qxf8 15. O-O-O Nd7 16. b4 a5 17. Nxd5 cxd5 18. Qxd5 Nf6 19. Qe5 axb4 20. c6 Qc8 21. Qxe7 Qxc6+ 22. Kb1 Nd5 23. Rxd5 Qxd5 24. Qe2 b3 25. Rd1 bxa2+ 26. Ka1 Qb3 27. Qd3 Qxd3 28. Rxd3 Ra4 29. Rd7 Kg7 30. Rd6 Ra3 31. f4 Rf3 32. Rd2 Rxf4 33. Kxa2 Rh4 34. f3 Rh3 35. Rf2 Kf6 36. Kb2 Kf5 37. Kc3 Kf4 38. Kd4 Rxf3 39. Ra2 f5 40. Ra7 Rh3 41. Ra4 Rxh2 42. Kd5+ Kg3 43. Ke5 f4 0-1


[Site "https://www.chess.com"]

[Event "Titled Tuesday Blitz October 25 Late 2022"]
[White "Ozdemir, Serhan Berat"]
[Black "D`Arruda, Ricardo D."]
[WhiteFideId "6374611"]
[BlackFideId "100692"]
[WhiteElo "2016"]
[BlackElo "2450"]
[Result "0-1"]
[Round "07"]
[TimeControl "180+1"]
[Date "2022.10.26"]
[WhiteClock "0:00:02"]
[BlackClock "0:00:45"]

1. e4 c5 2. Nf3 Nc6 3. Bb5 g6 4. Bxc6 dxc6 5. d3 c4 6. dxc4 Qxd1+ 7. Kxd1 Nf6 8. Nc3 Be6 9. c5 O-O-O+ 10. Ke1 Bg7 11. h3 Nd7 12. Be3 f5 13. exf5 gxf5 14. Nd4 Nxc5 15. Nxc6 bxc6 16. Bxc5 Kb7 17. Be3 Bc4 18. Na4 e5 19. Nc5+ Kc8 20. g3 Rhe8 21. Rd1 Bd5 0-1


[Site "https://www.chess.com"]

[Event "Titled Tuesday Blitz October 25 Late 2022"]
[White "Ozen, Bahadir"]
[Black "Andreikin, Dmitry"]
[WhiteFideId "6337058"]
[BlackFideId "4158814"]
[WhiteElo "2503"]
[BlackElo "2736"]
[Result "0-1"]
[Round "07"]
[TimeControl "180+1"]
[Date "2022.10.26"]
[WhiteClock "0:01:12"]
[BlackClock "0:02:28"]

1. g3 Nf6 2. Bg2 e5 3. d3 d5 4. Nf3 Bd6 5. O-O O-O 6. Nc3 c6 7. e4 h6 8. h3 Re8 9. Re1 d4 10. Ne2 c5 11. a4 Nc6 12. Nd2 Na5 13. Rf1 Be6 14. b3 Nd7 15. f4 f6 16. f5 Bf7 17. Bf3 a6 18. Nc4 Nxc4 19. dxc4 b5 20. axb5 axb5 21. Rxa8 Qxa8 22. cxb5 c4 23. bxc4 Bxc4 24. Bh5 Rc8 25. Nc3 Bxf1 26. Qg4 Rxc3 27. Bxh6 Bf8 28. Qg6 Bc4 0-1


[Site "https://www.chess.com"]

[Event "Titled Tuesday Blitz October 25 Late 2022"]
[White "Palencia Morales, Wilson Guillermo"]
[Black "chess50years"]
[WhiteFideId "4401859"]
[WhiteElo "2160"]
[BlackElo "1491"]
[Result "1-0"]
[Round "07"]
[TimeControl "180+1"]
[Date "2022.10.26"]
[WhiteClock "0:00:32"]
[BlackClock "0:00:15"]

1. e4 g6 2. d4 Bg7 3. c4 d6 4. Nc3 e5 5. d5 a5 6. Bd3 Na6 7. h3 Nf6 8. Nf3 Nc5 9. Bc2 Bd7 10. Bg5 h6 11. Be3 b6 12. Qd2 Bc8 13. g4 Nfd7 14. O-O-O Qe7 15. Kb1 Ba6 16. Qe2 O-O 17. Nd2 a4 18. h4 Rfb8 19. Nxa4 Nxa4 20. Bxa4 Nc5 21. Bc2 b5 22. Bxc5 dxc5 23. Bd3 bxc4 24. Bxc4 Qd6 25. Rh3 Bxc4 26. Nxc4 Qa6 27. Ra3 Qb5 28. Rxa8 Rxa8 29. Qc2 Bf6 30. h5 g5 31. Rd3 Ra4 32. Ne3 Rd4 33. Rxd4 exd4 34. Nc4 Qb4 35. a3 Qe1+ 36. Ka2 d3 37. Qxd3 Qxf2 38. e5 Be7 39. d6 cxd6 40. exd6 Bd8 41. Qe3 Qxe3 42. Nxe3 Kf8 43. Nf5 1-0


[Site "https://www.chess.com"]